 Dungeon Crawl Stone Soup version 0.27-a0-1334-g2746e35aca (webtiles) character file.

Game seed: 7314456260339336773

2996 karkarkar the Destroyer (level 9, -10/45 HPs)
             Began as a Deep Elf Conjurer on June 26, 2021.
             Was an Initiate of Sif Muna.
             Shot with an arrow by a centaur warrior (20 damage)
             ... on level 9 of the Dungeon.
             The game lasted 00:34:25 (8267 turns).

karkarkar the Destroyer (Deep Elf Conjurer)         Turns: 8267, Time: 00:34:26

Health: -10/45     AC: 12    Str:  4    XL:     9   Next: 54%
Magic:  16/24      EV: 13    Int: 31    God:    Sif Muna [......]
Gold:   422        SH:  0    Dex: 15    Spells: 16/27 levels left

rFire    . . .     SeeInvis .   A - staff of poison
rCold    . . .     Faith    .   (no shield)
rNeg     . . .     Spirit   .   I - +0 steam dragon scales
rPois    +         Reflect  .   F - +2 helmet
rElec    .         Harm     .   w - +0 cloak
rCorr    .         Rampage  .   i - +1 pair of gloves
Will     .....                  (no boots)
Stlth    +++.......             (no amulet)
HPRegen  0.15/turn              p - ring of wizardry
MPRegen  0.19/turn              g - +6 ring of intelligence

@: no status effects
A: no striking features
a: Renounce Religion


You were on level 9 of the Dungeon.
You worshipped Sif Muna.
Sif Muna was noncommittal.
You visited 2 branches of the dungeon, and saw 10 of its levels.

You collected 422 gold pieces.

Inventory:

Hand Weapons
 k - a +1 dagger of venom
 s - a +2 whip of electrocution
Missiles
 e - 77 poisoned darts
 r - a throwing net
Armour
 i - a +1 pair of gloves (worn)
 v - a +0 chain mail of cold resistance
 w - a +0 cloak (worn)
 F - a +2 helmet (worn)
 I - +0 steam dragon scales (worn)
Magical Staves
 A - a staff of poison (weapon)
Jewellery
 f - a ring of protection from fire
 g - a +6 ring of intelligence (right hand)
 p - a ring of wizardry (left hand)
 H - a ring of protection from fire
Wands
 j - a wand of mindburst (23)
 q - a wand of iceblast (24)
 z - a wand of acid (11)
 E - a wand of flame (12)
Scrolls
 a - a scroll of magic mapping {unknown}
 b - a scroll of torment {unknown}
 c - a scroll of acquirement {unknown}
 h - a scroll of enchant armour
 x - 3 scrolls of immolation {unknown}
 y - a scroll of teleportation
 B - a scroll of blinking {unknown}
 C - a scroll of holy word {unknown}
 D - a scroll of silence {unknown}
Potions
 d - 2 potions of curing
 l - 2 potions of brilliance
 m - a potion of invisibility {unknown}
 n - a potion of attraction
 o - 3 potions of heal wounds
 t - 3 potions of lignification
 u - 2 potions of might
 G - a potion of mutation {unknown}
 J - a potion of magic {unknown}


   Skills:
 + Level 3.8 Armour
 + Level 3.3 Dodging
 + Level 4.6 Stealth
 + Level 9.5 Spellcasting
 * Level 10.9 Conjurations
 + Level 2.8 Hexes
 + Level 0.7 Translocations


You had 16 spell levels left.
You knew the following spells:

 Your Spells              Type           Power      Damage    Failure   Level
a - Magic Dart            Conj           100%       1d8       1%          1
b - Searing Ray           Conj           100%       3d7       1%          2
c - Iskenderun's Mystic   Conj/Tloc      50%        2d11      1%          4
d - Fulminant Prism       Conj/Hex       27%        3d14      1%          4

Your spell library contained the following spells:

 Spells                   Type           Power      Damage    Failure   Level
 Dazzling Flash           Conj/Hex       100%       N/A       1%          3


Dungeon Overview and Level Annotations

Branches:
Dungeon (9/15)             Temple (1/1) D:7            Lair (0/6) D:8
    Orc: D:9-12

Altars:
Ashenzari
Cheibriados
Dithmenos
Elyvilon
Fedhas
Gozag
Hepliaklqana
Kikubaaqudgha
Makhleb
Nemelex Xobeh
Okawaru
Qazlal
Sif Muna
Uskayaw
Vehumet
Wu Jian
Xom
Yredelemnul
Zin
The Shining One


Message History

The yak is knocked back by the mystic blast.
The yak slams into the rock wall!
You kill the yak!
Sif Muna accepts your kill.
You climb upwards.
There is a stone staircase leading down, spattered with blood here.
You start resting.
HP restored.
You start resting.
Magic restored.
You climb downwards.
The centaur warrior wields a +0 longbow.
The centaur warrior shoots an arrow.
The arrow hits you!
The yak gores you but does no damage. x2; The centaur warrior shoots an arrow.
The arrow barely misses you.
The arrow hits the yak!
The yak dies!
There is a stone staircase leading up, spattered with blood here.
You erupt in a blast of force!
The mystic blast hits the centaur warrior!
The centaur warrior is lightly wounded.
The mystic blast hits the yak!
The yak is moderately wounded.
The yak is knocked back by the mystic blast.
The yak slams into the rock wall!
The centaur warrior shoots an arrow.
The arrow hits you.
The centaur warrior shoots an arrow.
The arrow hits you!
You erupt in a blast of force!
The mystic blast hits the yak.
The yak is lightly wounded.
The yak is knocked back by the mystic blast.
The yak slams into the rock wall!
The mystic blast hits the centaur warrior!!
The centaur warrior is heavily wounded.
The centaur warrior is knocked back by the mystic blast.
The centaur warrior slams into the rock wall!
The mystic blast hits the yak!
The yak is severely wounded.
The yak is knocked back by the mystic blast.
The centaur warrior shoots an arrow.
The arrow hits you!
* * * LOW HITPOINT WARNING * * *
The centaur warrior shoots an arrow.
The arrow hits you!!
You die...

##.#.
#####.c....
#Y(@.Y#
#.....#
#........
#.....####
#.....#
#####.. ###


You could see a centaur warrior and 2 yaks.

Vanquished Creatures
  7 yaks
  A steam dragon (D:8)
  An acid dragon (D:6)
  A black bear (D:8)
  3 ogres
  An ice beast (D:7)
  4 centaurs
  A phantom (D:5)
  2 scorpions (D:5)
  A water moccasin skeleton (D:4)
  3 wights (D:7)
  An orc priest (D:5)
  2 centaur zombies
  A bullfrog skeleton (D:5)
  2 hounds (D:5)
  An iguana (D:6)
  5 orc wizards
  3 gnolls (D:4)
  6 adders
  A shadow imp (D:5)
  2 white imps
  An ufetubus (D:4)
  2 adder skeletons
  A worm (D:3)
  A dart slug (D:1)
  18 orcs
  5 ball pythons
  5 bats
  8 endoplasms
  2 giant cockroaches
  11 goblins
  3 hobgoblins
  3 jackals (D:4)
  4 kobolds
  5 quokkas
  3 frilled lizards
  A quokka skeleton (D:4)
  3 rats
125 creatures vanquished.

Vanquished Creatures (others)
  A yak (D:9)
  7 fulminant prisms
  4 plants
12 creatures vanquished.

Grand Total: 137 creatures vanquished

Notes
Turn   | Place    | Note
-------+----------+-------------------------------------------
     0 | D:1      | karkarkar the Deep Elf Conjurer began the quest for the
                  | Orb.
     0 | D:1      | Reached XP level 1. HP: 10/10 MP: 6/6
   252 | D:1      | Reached XP level 2. HP: 11/15 MP: 2/8
   727 | D:1      | Reached skill level 5 in Conjurations
  1022 | D:1      | Learned a level 2 spell: Searing Ray
  1145 | D:2      | Reached XP level 3. HP: 19/19 MP: 3/9
  1296 | D:2      | Found a hazy altar of Hepliaklqana.
  2006 | D:2      | Found a faded altar of an unknown god.
  2207 | D:3      | Reached XP level 4. HP: 22/24 MP: 3/11
  2316 | D:3      | Noticed an ogre
  2850 | D:3      | Learned a level 4 spell: Iskenderun's Mystic Blast
  2999 | D:3      | Killed an ogre
  3000 | D:3      | Reached skill level 6 in Conjurations
  3000 | D:3      | Reached XP level 5. HP: 28/28 MP: 4/13
  3126 | D:3      | Found a stormy altar of Qazlal.
  3137 | D:3      | Found a shimmering altar of Xom.
  3146 | D:3      | Found a sparkling altar of Nemelex Xobeh.
  3366 | D:4      | Reached skill level 5 in Spellcasting
  3412 | D:4      | Reached XP level 6. HP: 32/32 MP: 11/15
  3490 | D:4      | Reached skill level 1 in Armour
  3992 | D:5      | Entered Level 5 of the Dungeon
  4131 | D:5      | Reached skill level 7 in Conjurations
  4266 | D:5      | Reached XP level 7. HP: 36/36 MP: 6/17
  4711 | D:5      | Reached skill level 8 in Conjurations
  4921 | D:5      | Learned a level 4 spell: Fulminant Prism
  5560 | D:6      | Reached skill level 1 in Hexes
  5836 | D:6      | Reached XP level 8. HP: 41/41 MP: 16/20
  6319 | D:7      | Found a staircase to the Ecumenical Temple.
  6331 | Temple   | Entered the Ecumenical Temple
  6400 | Temple   | Became a worshipper of Sif Muna the Loreminder
  6483 | D:7      | You fall into a shaft and drop 1 floor!
  6634 | D:7      | Found an ancient bone altar of Kikubaaqudgha.
  6636 | D:7      | Found a basalt altar of Yredelemnul.
  6637 | D:7      | Found a snail-covered altar of Cheibriados.
  6675 | D:7      | Found a burning altar of Makhleb.
  6966 | D:7      | Reached skill level 9 in Conjurations
  7245 | D:8      | Found a staircase to the Lair.
  7312 | D:8      | Reached skill level 10 in Conjurations
  7320 | D:8      | Reached XP level 9. HP: 26/45 MP: 2/23
  8027 | D:9      | Noticed a centaur warrior
  8267 | D:9      | Shot with an arrow by a centaur warrior

Illustrated notes

Levels and vault maps discovered:
D:1:      elethiomel_arrival_quiet, layout_loops_ring, due_unseen_surprise
D:2:      layout_basic, hellmonk_ecumenical_altar_zigzags, basic_altar
D:3:      layout_loops_ring, grunt_temple_overflow_diamond
D:4:      layout_basic
D:5:      layout_cave_pods, nrook_campfire, serial_bayou_pond_d, kennysheep_dice
D:6:      layout_basic
D:7:      layout_rooms, grunt_temple_overflow_open,
          minmay_temple_entry_large_hall
D:8:      layout_basic, dpeg_oklobed_lair
D:9:      layout_loops_cross, beargit_hepliaklqana_dungeon_heroes,
          nicolae_overflow_crystal_walls, minmay_evil_grid
Temple:   minmay_temple_bridge_abc

Skill      XL: |  1  2  3  4  5  6  7  8  9 |
---------------+----------------------------+-----
Conjurations   | 5 6 7 8 10 | 10.9
Dodging        | 3 |  3.3
Spellcasting   | 4 5 6 8 9 |  9.5
Stealth        | 3 4 |  4.6
Armour         | 1 2 3 |  3.8
Hexes          | 1 2 |  2.8
Translocations | |  0.7

Action                   |  1- 3 |  4- 6 |  7- 9 || total
-------------------------+-------+-------+-------++-------
Melee: Mace              |     7 |       |       ||     7
       Whip              |       |       |     4 ||     4
 Cast: Magic Dart        |    61 |    56 |    60 ||   177
       Searing Ray       |     3 |    17 |    32 ||    52
       Fulminant Prism   |       |       |     8 ||     8
       Iskenderun's Myst |       |       |     9 ||     9
Evoke: Wand              |       |       |     1 ||     1
  Use: Scroll            |     1 |     2 |     5 ||     8
       Potion            |       |     2 |       ||     2
Armor: Scale mail        |     6 |       |       ||     6
       Robe              |     1 |       |       ||     1
       Leather armour    |       |     2 |     5 ||     7
       Steam dragon scal |       |       |     8 ||     8
Dodge: Dodged            |     5 |     5 |    25 ||    35

Table legend: (Time is in decaauts)
 A = Elapsed time spent in this place.
 B = Non-inter-level travel time spent in this place.
 C = Inter-level travel time spent in this place.
 D = Time resting spent in this place.
 E = Time spent auto-exploring this place.
 F = Levels seen in this place.
 G = Mean time per level.
                   A        B        C        D        E       F      G
               +--------+--------+--------+--------+--------+-----+--------+
         Total |   8275 |   8235 |     40 |   1124 |   5377 |  10 |  827.5 |
       Dungeon |   8174 |   8145 |     29 |   1124 |   5354 |   9 |  908.2 |
        Temple |    100 |     89 |     11 |      0 |     23 |   1 |  100.0 |
               +--------+--------+--------+--------+--------+-----+--------+

Top non-repeatable levels by time:
     D:5: 1408 daAuts
     D:2: 1156 daAuts
     D:3: 1102 daAuts
     D:1: 1043 daAuts
     D:8: 964 daAuts
     D:6: 909 daAuts
     D:7: 882 daAuts
     D:4: 688 daAuts
  Temple: 100 daAuts
     D:9: 17 daAuts
